 Dungeon Crawl Stone Soup version 0.29-a0-732-g3d7fbe0af2 (webtiles) character file.

Game seed: 10628140355014003601

136 buhh the Trooper (level 5, -4/38 HPs)
             Began as an Octopode Transmuter on June 29, 2022.
             Splashed by a jelly's acid (8 damage)
             ... on level 2 of the Dungeon.
             The game lasted 00:06:49 (3089 turns).

buhh the Trooper (Octopode Transmuter)              Turns: 3089, Time: 00:06:50

Health: -4/38      AC: -3    Str:  9    XL:     5   Next: 19%
Magic:  7/8        EV: 13    Int: 17    God:
Gold:   103        SH:  0    Dex: 19    Spells: 7/8 levels left

rFire   . . .      SeeInvis .     - Unarmed
rCold   . . .      Faith    .   (no shield)
rNeg    . . .      Spirit   .   (helmet currently unavailable)
rPois   .          Reflect  .   (no amulet)
rElec   .          Harm     .   a - +6 ring of dexterity
rCorr   .          Rampage  .   (no ring)
Will    .....                   (no ring)
Stlth   +++.......              (no ring)
HPRegen 0.12/turn               (no ring)
MPRegen 0.11/turn               (no ring)
                                (no ring)
                                (no ring)

@: appendages (expiring), corroded
A: tentacle spike 3, almost no armour, amphibious, 8 rings, camouflage 1,
gelatinous body 1, (nimble swimmer 1), tentacles
a: End Transformation


You were on level 2 of the Dungeon.
One of your tentacles had grown a beastly spike.
You visited 1 branch of the dungeon, and saw 3 of its levels.

You collected 103 gold pieces.

Inventory:

Jewellery
 a - a +6 ring of dexterity (left tentacle)
Scrolls
 f - a scroll of vulnerability {unknown}
 P - a scroll of magic mapping {!r!d}
 T - a scroll of immolation {!d}
Potions
 b - a potion of degeneration {unknown}
 c - 2 potions of heal wounds {unknown}
 d - a potion of flight {unknown}
 e - a potion of mutation {unknown}


   Skills:
 + Level 4.8 Fighting
 - Level 2.0 Dodging
 - Level 1.0 Stealth
 - Level 3.0 Unarmed Combat
 - Level 2.0 Spellcasting
 - Level 2.0 Transmutations


You had 7 spell levels left.
You knew the following spells:

 Your Spells              Type           Power      Damage    Failure   Level
a - Beastly Appendage     Tmut           16%        N/A       9%          1

Your spell library contained the following spells:

 Spells                   Type           Power      Damage    Failure   Level
 Wereblood                Tmut           8%         N/A       13%         2
 Shock                    Conj/Air       4%         1d3       19%         1
 Spider Form              Tmut/Pois      5%         N/A       36%         3
 Swiftness                Air            1%         N/A       50%         3
 Ice Form                 Ice/Tmut       5%         N/A       77%         4
 Airstrike                Air            0%         N/A       88%         4


Dungeon Overview and Level Annotations

Branches:
Dungeon (3/15) Zot: 14915

Altars:
Uskayaw
Vehumet

Annotations:
D:3 1 runed translucent door, Crazy Yiuf


Innate Abilities, Weirdness & Mutations

One of your tentacles has grown a beastly spike.
You cannot wear most types of armour.
You are amphibious.
You can wear up to eight rings at the same time.
Your skin changes colour to match your surroundings (Stealth+).
Your rubbery body absorbs attacks. (AC +1, EV +1)
((You are camouflaged when in or above water. (Stealth+)))
You have tentacles for arms and can constrict up to eight enemies at once.


Message History

The ball python constricts you.
You closely miss the ball python. Your grab misses the ball python.
The ball python barely misses you. The ball python constricts you.
You completely miss the ball python. You grab the ball python.
You squeeze the ball python, but do no damage.
You constrict the ball python. The ball python bites you.
The ball python constricts you.
You tentacle-slap the ball python.
You kill the ball python!
No target in view!
Your magical contamination has completely faded away.
Key pressed, stopping explore.
There is an open door here.
You see here a +0 club.
A jelly comes into view.
A jelly is nearby!
One of your tentacles grows a vicious spike.
The jelly quivers.
Your transformation is almost over.
You tentacle-slap the jelly but do no damage.
Your tentacles burn!
You pierce the jelly.
You squeeze the jelly.
The jelly is heavily wounded.
The jelly hits you. The acid corrodes you!
You are splashed with acid!
You tentacle-slap the jelly.
Your tentacles burn!
You pierce the jelly.
Your squeeze misses the jelly.
The jelly is heavily wounded.
The jelly barely misses you.
You tentacle-slap the jelly.
Your tentacles burn!
You pierce the jelly, but do no damage.
You squeeze the jelly.
The jelly is severely wounded.
The jelly hits you.
You are splashed with acid!
* * * LOW HITPOINT WARNING * * *
You tentacle-slap the jelly.
Your tentacles burn!
* * * LOW HITPOINT WARNING * * *
You pierce the jelly, but do no damage.
The jelly is severely wounded.
The jelly hits you.
* * * LOW HITPOINT WARNING * * *
You are splashed with acid!
You die...

#....# #.###.......#...## #####.#
#.##########.....## ##.###.#
#.##.## ##.......##
##...##.######.#...####.........#
...............)......'.........'
##........).##.#...####.........#
##.#.#.###.##.##.## ##.......##
##.....##.##.##### ##.....##
#.###.##....J@..# ##...#### #.
#.##^##.###.# #.......
#.###.##.##.# #.# #.......
#.....##.##.. #.# #.......
#####.......##.. #.# #.......
..####.####.##.. #.# ##..<....
.......# ##.#.#.# #........
..###### .. [.# #####....... .##
... #...#..#.#.#


You could see a jelly.

Vanquished Creatures
  Jessica (D:3)
  Terence (D:2)
  2 gnolls
  2 adders
  2 worms (D:2)
  4 endoplasms
  A giant cockroach (D:1)
  8 goblins
  6 hobgoblins
  7 ball pythons
  3 bats
  5 frilled lizards
  2 kobolds (D:1)
  2 rats
46 creatures vanquished.

Notes
Turn   | Place    | Note
-------+----------+-------------------------------------------
     0 | D:1      | buhh the Octopode Transmuter began the quest for the Orb.
     0 | D:1      | Reached XP level 1. HP: 13/13 MP: 3/3
     1 | D:1      | Found a hide-covered altar of Uskayaw.
   211 | D:1      | Reached XP level 2. HP: 19/19 MP: 3/5
   279 | D:1      | Reached skill level 2 in Fighting
   862 | D:2      | Reached XP level 3. HP: 12/25 MP: 4/6
  1109 | D:2      | Reached skill level 3 in Fighting
  1848 | D:2      | Noticed Terence
  1881 | D:3      | Noticed Jessica
  1887 | D:3      | Killed Jessica
  1888 | D:3      | Reached XP level 4. HP: 33/33 MP: 5/7
  2020 | D:3      | Reached skill level 4 in Fighting
  2038 | D:3      | Found a radiant altar of Vehumet.
  2129 | D:3      | Found a runed translucent door.
  2130 | D:3      | Noticed Crazy Yiuf
  2141 | D:3      | Found a faded altar of an unknown god.
  2719 | D:3      | Noticed a black bear
  2768 | D:2      | Killed Terence
  2769 | D:2      | Reached XP level 5. HP: 31/38 MP: 6/8
  3089 | D:2      | Splashed by a jelly's acid

Illustrated notes

Levels and vault maps discovered:
D:1:      sevenhm_arrival_forest_fort_small_6, layout_rooms,
          chequers_serial_rivers_micro_e
D:2:      layout_loops_corners, uniq_terence
D:3:      layout_rooms, mainiacjoe_overflow_boulevard, basic_ecumenical_altar,
          uniq_crazy_yiuf_cottage, uniq_jessica

Skill      XL: |  1  2  3  4 |
---------------+-------------+-----
Stealth        | 1 |  1.0
Fighting       | 2 3 4 |  4.8
Dodging        | |  2.0
Unarmed Combat | |  3.0
Spellcasting   | |  2.0
Transmutations | |  2.0

Action                   |  1- 3 |  4- 6 || total
-------------------------+-------+-------++-------
Melee: Unarmed           |    59 |    38 ||    97
       Kick              |    19 |    19 ||    38
       Constrict         |    13 |    10 ||    23
       Tentacles         |    12 |     9 ||    21
       Punch             |     2 |     1 ||     3
 Cast: Beastly Appendage |    23 |    15 ||    38
  Use: Scroll            |     2 |     1 ||     3
       Potion            |       |     1 ||     1
 Stab: Sleeping          |    10 |     3 ||    13
Armor: Skin              |     4 |     2 ||     6
Dodge: Dodged            |    23 |    19 ||    42

Table legend: (Time is in decaauts)
 A = Elapsed time spent in this place.
 B = Non-inter-level travel time spent in this place.
 C = Inter-level travel time spent in this place.
 D = Time resting spent in this place.
 E = Time spent auto-exploring this place.
 F = Levels seen in this place.
 G = Mean time per level.
                   A        B        C        D        E       F      G
               +--------+--------+--------+--------+--------+-----+--------+
         Total |   3084 |   3011 |     73 |    731 |   1780 |   3 | 1028.0 |
       Dungeon |   3084 |   3011 |     73 |    731 |   1780 |   3 | 1028.0 |
               +--------+--------+--------+--------+--------+-----+--------+

Top non-repeatable levels by time:
     D:2: 1576 daAuts
     D:3: 844 daAuts
     D:1: 662 daAuts
